Map: Cactus Valley LE (Void)

Players

IIIIIIIIIIII

  • Race: Terran Terran
  • League: Grandmaster
  • Spawn Location: 7:00

Railgan - Winner!

  • Race: Zerg Zerg
  • League: Grandmaster
  • Spawn Location: 11:00

VOD

Have the link to the VOD?

Description

Time

  • Played on: March 20, 2017, 5:19 p.m.
  • Length: 7:52
Show
View Real Time Build Order
Export as new Build Order

IIIIIIIIIIII Terran 

Build Orders: Reaper Expand, MMM Bio 

Get SALT Encoding   

  12  0:00  SCV  
  13  0:13  SCV  
  14  0:17  Supply Depot  
  14  0:25  SCV  
  15  0:39  SCV  
  15  0:41  Barracks  
  16  0:46  Refinery  
  16  0:51  SCV  
  17  1:03  SCV  
  18  1:15  SCV  
  19  1:28  Orbital Command  
  19  1:30  Reaper  
  20  1:42  Command Center  
  20  1:55  Barracks  
  20  1:56  SCV  
  21  2:02  Barracks Reactor  
  21  2:09  SCV  
  21  2:13  Refinery  
  22  2:16  Supply Depot  
  22  2:21  SCV  
  23  2:28  Factory  
  23  2:38  Marine, SCV  
  23  2:39  Marine  
  26  2:48  Barracks Tech Lab  
  26  2:50  SCV  
  27  2:57  Orbital Command  
  27  3:00  Marine  
  27  3:02  Marine, SCV  
  30  3:08  Stimpack  
  30  3:14  Marine, SCV  
  32  3:23  Factory Reactor, Starport  
  32  3:26  SCV  
  33  3:28  Marine  
  33  3:29  Marine  
  33  3:32  SCV  
  36  3:39  SCV  
  37  3:43  Marine  
  37  3:44  Supply Depot  
  37  3:45  SCV  
  37  3:47  Marine  
  40  3:50  Marine  
  40  3:51  SCV  
  41  3:57  SCV  
  41  4:01  Marine  
  43  4:05  Marine  
  43  4:06  Medivac  
  43  4:07  Medivac  
  43  4:08  SCV  
  49  4:10  Supply Depot  
  49  4:13  Marine  
  49  4:15  SCV  
  51  4:21  Marine, SCV, Engineering Bay  
  53  4:26  Marine  
  54  4:31  Marine  
  54  4:33  SCV  
  54  4:34  Supply Depot, SCV  
  54  4:36  Medivac  
  59  4:41  Marine  
  59  4:44  Marine  
  59  4:45  SCV  
  62  4:51  Supply Depot  
  62  4:53  Terran Infantry Weapons Level 1  
  62  4:56  SCV  
  62  4:59  Marine x2  
  65  5:02  SCV  
  65  5:05  Command Center  
  66  5:09  Marine  
  66  5:11  SCV, Combat Shields  
  68  5:20  Marine  
  66  5:22  Marine  
  66  5:24  SCV x2  
  66  5:27  Marine  
  68  5:40  Marine x2  
  69  5:45  Barracks x2  
  69  5:47  Barracks  
  69  5:48  SCV x2  
  63  5:53  Marine  
  63  5:54  Factory Reactor  
  64  5:58  Marine  
  64  6:01  SCV  
  64  6:02  Marine, Refinery  
  64  6:03  Refinery  
  67  6:09  SCV  
  67  6:11  Marine  
  68  6:13  SCV  
  70  6:22  SCV, Orbital Command  
  71  6:25  SCV  
  71  6:27  Armory  
  71  6:29  Engineering Bay  
  71  6:31  Marine  
  71  6:32  Marine  
  74  6:33  Barracks Reactor  
  74  6:37  Barracks Reactor x2  
  73  6:47  Marine, SCV  
  70  6:48  SCV  
  70  6:49  Marine  
  69  6:54  Orbital Command  
  69  6:56  Widow Mine x2  
  73  7:06  SCV  
  73  7:07  SCV  
  75  7:10  Marine  
  76  7:16  Marine x2  
  76  7:17  Marine x2  
  80  7:23  SCV x2  
  80  7:28  Marine  
  85  7:33  Marine x2  
Show
View Real Time Build Order
Export as new Build Order

Railgan Zerg - Winner!

Build Orders: Pool First 

Get SALT Encoding   

  12  0:01  Drone  
  13  0:13  Overlord  
  13  0:18  Drone  
  14  0:31  Drone x2  
  14  0:35  Drone  
  17  0:46  Spawning Pool  
  17  0:49  Drone  
  17  0:56  Drone  
  18  1:13  Hatchery  
  18  1:14  Extractor  
  17  1:18  Drone  
  17  1:19  Drone  
  18  1:32  Queen  
  18  1:33  Zergling x2  
  21  1:42  Drone  
  22  1:50  Overlord  
  22  2:08  Queen  
  22  2:14  Drone  
  22  2:15  Drone  
  26  2:23  Drone  
  26  2:25  Metabolic Boost  
  26  2:26  Queen  
  29  2:30  Drone  
  29  2:35  Drone  
  31  2:38  Drone  
  32  2:48  Drone x2  
  33  2:51  Overlord  
  33  2:52  Drone x2  
  35  2:59  Evolution Chamber  
  35  3:01  Drone  
  35  3:05  Overlord  
  35  3:14  Drone x2  
  35  3:18  Drone  
  37  3:20  Drone  
  37  3:24  Drone x2  
  37  3:25  Zerg Ground Armor Level 1  
  37  3:26  Overlord  
  40  3:33  Zergling x4  
  42  3:35  Zergling x2  
  42  3:36  Zergling x2  
  42  3:37  Drone  
  45  3:44  Drone x2  
  47  3:55  Drone  
  47  3:56  Drone x3  
  47  3:59  Lair  
  47  4:02  Extractor  
  50  4:04  Extractor, Drone  
  50  4:06  Overlord  
  50  4:08  Extractor  
  49  4:11  Drone x3  
  49  4:13  Queen  
  54  4:24  Drone x2  
  56  4:28  Zergling x2  
  56  4:29  Zergling x6  
  60  4:40  Zergling x8  
  64  4:51  Queen  
  66  4:54  Overlord  
  66  4:57  Zergling x2  
  66  4:58  Zergling x2  
  66  4:59  Overlord  
  68  5:01  Hydralisk Den, Drone  
  68  5:04  Overlord  
  68  5:11  Queen  
  69  5:24  Zergling x2  
  69  5:25  Zergling x8  
  69  5:26  Zergling x4  
  69  5:27  Zerg Ground Armor Level 2, Zergling x2  
  74  5:31  Evolution Chamber  
  67  5:51  Muscular Augments  
  67  5:53  Drone x2  
  67  5:54  Zergling x2  
  70  6:03  Hydralisk, Hatchery  
  70  6:04  Hydralisk x5  
  81  6:14  Overlord  
  81  6:22  Hydralisk x4  
  89  6:26  Overlord  
  89  6:33  Hydralisk  
  89  6:35  Overlord  
  89  6:39  Drone  
  92  6:40  Drone  
  92  6:45  Hydralisk  
  92  6:46  Hydralisk  
  95  6:51  Hydralisk x2  
  97  6:57  Hydralisk x2  
  101  7:05  Hydralisk x2  
  101  7:07  Zergling x4  
  107  7:19  Drone x3  
  110  7:24  Hydralisk  
Tags
 
Add a new tag
Caveats
  • Supply blocks, unpowered buildings, or Contaminate may cause inaccurate times.
  • Supply counts are checked every 10 seconds.